 Dungeon Crawl Stone Soup version 0.25-a0-413-g3b4b6a4ccc (webtiles) character file.

Game seed: 12265020543187759831, levelgen mode: deterministic

200 Hydra2011 the Sneak (level 5, -4/31 HPs)
             Began as an Octopode Wizard on Jan 16, 2020.
             Splashed by Ijyb's acid (11 damage)
             ... on level 3 of the Dungeon.
             The game lasted 00:17:04 (3012 turns).

Hydra2011 the Sneak (Octopode Wizard)               Turns: 3012, Time: 00:17:06

Health: -4/31      AC:  1    Str:  7    XL:     5   Next: 78%
Magic:  8/10       EV: 14    Int: 21    God:
Gold:   102        SH:  0    Dex: 10    Spells: 5/11 levels left

rFire    . . .     SeeInvis .   p - +5 dagger
rCold    . . .     Gourm    .   (no shield)
rNeg     . . .     Faith    .   a - +0 hat
rPois    .         Spirit   .   (no amulet)
rElec    .         Reflect  .   (no ring)
rCorr    .         Harm     .   (no ring)
MR       .....                  (no ring)
Stlth    +++.......             (no ring)
HPRegen  0.10/turn              (no ring)
MPRegen  0.12/turn              (no ring)
                                (no ring)
                                (no ring)

@: no status effects
A: almost no armour, stealthy swim, amphibious, 8 rings, constrict 8, camouflage
1, gelatinous body 1
a: no special abilities


You were on level 3 of the Dungeon.
You were hungry.

You visited 1 branch of the dungeon, and saw 3 of its levels.

You collected 102 gold pieces.

Inventory:

Hand Weapons
 p - a +5 dagger (weapon)
Missiles
 b - 131 stones
 m - 35 poisoned darts (quivered)
Armour
 a - a +0 hat (worn)
Scrolls
 g - 2 scrolls of immolation {unknown}
 i - 2 scrolls of remove curse
 j - 2 scrolls of identify
 k - 2 scrolls of enchant weapon {unknown}
 l - a scroll of teleportation {unknown}
 o - 3 scrolls of amnesia {unknown}
 r - a scroll of fear {unknown}
Potions
 d - a potion of invisibility
 e - a potion of lignification
 f - a potion of brilliance {unknown}
 h - a potion of degeneration {unknown}
 n - a potion of mutation {unknown}
 q - a potion of agility
 s - a potion of heal wounds {unknown}
Comestibles
 c - 3 rations


   Skills:
 + Level 1.4 Short Blades
 + Level 3.1 Dodging
 - Level 4.0 Stealth
 + Level 3.7 Spellcasting
 + Level 2.6 Conjurations
   Level 1.0 Summonings
 + Level 1.2 Translocations
 + Level 0.5 Air Magic
 + Level 0.8 Poison Magic


You had 5 spell levels left.
You knew the following spells:

 Your Spells              Type           Power        Failure   Level  Hunger
a - Magic Dart            Conj           ###.         4%          1    None
b - Blink                 Tloc           N/A          11%         2    ##.....
c - Mephitic Cloud        Conj/Pois/Air  #.......     22%         3    ###....

Your spell library contained the following spells:

 Spells                   Type           Power        Failure   Level  Hunger
 Call Imp                 Summ           #.......     12%         2    ##.....
 Slow                     Hex            #.......     19%         2    ##.....
 Conjure Flame            Conj/Fire      #.......     22%         3    ###....


Dungeon Overview and Level Annotations

Branches:
Dungeon (3/15)

Altars:

Annotations:
D:3 Ijyb


Innate Abilities, Weirdness & Mutations

You cannot wear most types of armour.
You are very stealthy in the water. (Stealth+)
You are amphibious.
You can wear up to eight rings at the same time.
You can use your tentacles to constrict eight enemies at once.
Your skin changes colour to match your surroundings (Stealth+).
Your rubbery body absorbs attacks. (AC +1, EV +1)


Message History

You kill Natasha!
Natasha screams in pain as she dies!
The iron imp disappears in a puff of smoke!
Ijyb screams, "Me be nice to you!
Me promise!"
Found a purple potion.
You hit the worm. Your grab misses the worm. You squeeze the worm.
The worm is lightly wounded.
You hit Ijyb but do no damage. You grab Ijyb.
Ijyb is moderately wounded.
You constrict Ijyb, but do no damage.
You are feeling hungry.
Ijyb seems less confused.
The worm seems less confused.
Ijyb misses you. The worm misses you.
You hit Ijyb.
Ijyb is heavily wounded.
You constrict Ijyb.
Ijyb zaps a wand.
The bolt of acid hits you!!
Ouch! That really hurt!
* * * LOW HITPOINT WARNING * * *
You are splashed with acid!
You die...

##(## #.# #.#
##'## ##...##
##.....##
##.......#
!..####†........#
......'@w.......+
...####.g.......#
##.......##
##....)## ##...##
#+##


You could see Ijyb and a worm.

Vanquished Creatures
  A hound (D:2)
  Jessica (D:2)
  Natasha (D:3)
  Robin (D:2)
  An adder (D:2)
  2 oozes (D:1)
  2 worms (D:2)
  3 dart slugs
  2 leopard geckos (D:2)
  A giant cockroach (D:1)
  13 goblins
  16 hobgoblins
  3 jackals (D:1)
  10 kobolds
  2 quokkas (D:2)
  A ball python (D:3)
  5 bats
  2 frilled lizards (D:1)
  8 rats
75 creatures vanquished.

Notes
Turn   | Place    | Note
-------+----------+-------------------------------------------
     0 | D:1      | Hydra2011 the Octopode Wizard began the quest for the Orb.
     0 | D:1      | Reached XP level 1. HP: 11/11 MP: 4/4
   122 | D:1      | Reached skill level 3 in Stealth
   122 | D:1      | Reached XP level 2. HP: 8/17 MP: 0/6
   909 | D:1      | Reached XP level 3. HP: 21/21 MP: 0/7
  2016 | D:2      | Reached XP level 4. HP: 25/27 MP: 9/9
  2097 | D:2      | Noticed Robin
  2107 | D:2      | Killed Robin
  2264 | D:2      | Reached skill level 4 in Stealth
  2273 | D:2      | Reached skill level 1 in Short Blades
  2273 | D:2      | Reached XP level 5. HP: 25/31 MP: 10/10
  2326 | D:2      | Learned a level 2 spell: Blink
  2330 | D:2      | Learned a level 3 spell: Mephitic Cloud
  2335 | D:2      | Noticed Jessica
  2340 | D:2      | Killed Jessica
  2992 | D:3      | Noticed Ijyb
  3002 | D:3      | Noticed Natasha
  3008 | D:3      | Killed Natasha
  3012 | D:3      | Splashed by Ijyb's acid

Levels and vault maps discovered:
D:1:      erik_arrival_gehennom, layout_loops_cross, chequers_arboretum,
          minmay_splitting_lines
D:2:      layout_basic, first_ration, uniq_robin, uniq_jessica
D:3:      layout_loops_corners, gammafunk_ghost_nasty_kobolds, uniq_ijyb,
          uniq_natasha

Skill      XL: |  1  2  3  4  5 |
---------------+----------------+-----
Stealth        | 3 4 |  4.0
Conjurations   | 2 |  2.6
Short Blades   | 1 |  1.4
Dodging        | 3 |  3.1
Spellcasting   | |  3.7
Summonings     | |  1.0
Translocations | |  1.2
Air Magic      | |  0.5
Poison Magic   | |  0.8

Action                   |  1- 3 |  4- 6 || total
-------------------------+-------+-------++-------
Melee: Unarmed           |     4 |       ||     4
       Whip              |    25 |       ||    25
       Constrict         |    12 |    14 ||    26
       Tentacles         |     6 |     5 ||    11
       Dagger            |    17 |    55 ||    72
Throw: Dart              |       |     3 ||     3
 Cast: Magic Dart        |    57 |    37 ||    94
       Mephitic Cloud    |       |     1 ||     1
  Use: Scroll            |       |     4 ||     4
 Stab: Sleeping          |     5 |     8 ||    13
  Eat: Chunk             |     3 |     3 ||     6
Armor: Skin              |     1 |       ||     1
Dodge: Dodged            |    24 |    22 ||    46

Table legend:
 A = Non-vault XP
 B = Vault XP
 C = Vault XP percentage of total XP
 D = Non-vault monster count
 E = Vault monster count
 F = Vault count percentage of total count
                 A         B        C        D         E       F
            +---------+---------+-------+---------+---------+-------
      Total |     169 |     117 |  40.9 |      61 |      14 |  18.7
            +---------+---------+-------+---------+---------+-------
        D:1 |      51 |      19 |  27.1 |      28 |       5 |  15.2
        D:2 |     113 |      63 |  35.8 |      29 |       8 |  21.6
        D:3 |       5 |      35 |  87.5 |       4 |       1 |  20.0
            +---------+---------+-------+---------+---------+-------
